 Dungeon Sprint DCSS version 0.28-a0-32-g8dfe7f97f6 (webtiles) character file.

Game seed: 8507275953317462913

325 night the Zephyrmancer (level 6, -2/45 HPs)
             Began as a Draconian Air Elementalist on July 27, 2021.
             Was an Initiate of Gozag.
             Slain by a hornet (12 damage)
             ... in the Dungeon (Sprint IX: "|||||||||||||||||||||||||||||").
             The game lasted 00:01:51 (240 turns).

night the Zephyrmancer (Draconian Air Elementalist)  Turns: 240, Time: 00:01:52

Health: -2/45      AC:  9    Str: 11    XL:     6   Next: 24%
Magic:  6/16       EV: 12    Int: 20    God:    Gozag
Gold:   0          SH:  0    Dex: 11    Spells: 13/19 levels left

rFire   . . .      SeeInvis .   j - +2 scimitar (elec)
rCold   . . .      Faith    .   (no shield)
rNeg    . . .      Spirit   .   (armour unavailable)
rPois   .          Reflect  .   (helmet restricted)
rElec   .          Harm     .   (no cloak)
rCorr   .          Rampage  .   k - +0 pair of gloves
Will    .....      NoTele   +   (no boots)
Stlth   ++........              (no amulet)
HPRegen 0.15/turn               l - +2 ring of protection
MPRegen 0.15/turn               m - +3 ring of intelligence

@: lethally poisoned (-2 -> -10), swift (expiring), gold aura, slowed
A: AC +6, unfitting armour, cold-blooded
a: Renounce Religion, Potion Petition, Call Merchant, Bribe Branch


You were in the Dungeon.
You worshipped Gozag.
Gozag was noncommittal.
You visited 1 branch

Inventory:

Hand Weapons
 j - a +2 scimitar of electrocution (weapon)
Armour
 k - a +0 pair of gloves (worn)
Jewellery
 l - a +2 ring of protection (left hand)
 m - a +3 ring of intelligence (right hand)
Wands
 i - a wand of acid (6)
Scrolls
 f - 2 scrolls of blinking
 h - 2 scrolls of amnesia
Potions
 a - a potion of invisibility
 b - 3 potions of heal wounds
 c - a potion of haste
 d - 3 potions of magic
 e - a potion of berserk rage
 g - 4 potions of curing


   Skills:
 - Level 1.7 Dodging
 - Level 1.7 Stealth
 + Level 7.2 Spellcasting
 + Level 7.7 Conjurations
 + Level 8.2 Air Magic


You had 13 spell levels left.
You knew the following spells:

 Your Spells              Type           Power      Damage    Failure   Level
a - Shock                 Conj/Air       100%       1d9       1%          1
b - Static Discharge      Conj/Air       39%        N/A       1%          2
c - Swiftness             Air            40%        N/A       1%          3

Your spell library contained the following spells:

 Spells                   Type           Power      Damage    Failure   Level
 Airstrike                Air            20%        N/A       3%          4


Dungeon Overview and Level Annotations

Branches:
Dungeon (1/1)

Altars:
Cheibriados
Dithmenos
Elyvilon
Fedhas
Gozag
Hepliaklqana
Kikubaaqudgha
Makhleb
Nemelex Xobeh
Okawaru
Qazlal
Ru
Sif Muna
Trog
Uskayaw
Vehumet
Wu Jian
Xom
Yredelemnul
Zin
The Shining One
Beogh
Jiyva
Lugonu


Innate Abilities, Weirdness & Mutations

Your plain brown scales are hard. (AC +6)
You cannot fit into any form of body armour.
You are cold-blooded and may be slowed by cold attacks.


Message History

The bolt of acid misses the wight.
Your Spellcasting skill gained 2 levels and is now at level 6!
Your Conjurations skill gained 2 levels and is now at level 6!
Your Air Magic skill gained 2 levels and is now at level 7!
You have reached level 4!
You feel stronger.
You have reached level 5!
Aiming: Corrosive Bolt
Press: ? - help, Shift-Dir - straight line, f - hornet
Aim: a hornet (heavily wounded, covered in acid, 57% to hit)
The bolt of acid misses the hornet.
The bolt of acid hits the orc warrior!
The orc warrior is splashed with acid.
The orc warrior seems to be corroded for longer.
You kill the orc warrior!
The bolt of acid hits the wight!
The wight is splashed with acid.
The acid corrodes the wight!
You destroy the wight!
The hornet stings you!
You are lethally poisoned!
You feel yourself slow down.
Your Spellcasting skill increases to level 7!
Your Conjurations skill increases to level 7!
Your Air Magic skill increases to level 8!
You have reached level 6!
Your experience leads to an increase in your attributes!
Your base attributes are Str 11, Int 16, Dex 11.
Increase (S)trength, (I)ntelligence, or (D)exterity?
You feel clever.
Your scales feel tougher.
Aiming: Corrosive Bolt
Press: ? - help, Shift-Dir - straight line, f/p - hornet
Aim: a hornet (heavily wounded, covered in acid, 57% to hit)
The bolt of acid misses the hornet.
The bolt of acid hits the jackal zombie!
The jackal zombie is splashed with acid.
You destroy the jackal zombie!
* * * LOW HITPOINT WARNING * * *
You feel very sick. The hornet stings you!
You die...
Your body crumbles into a pile of gold.

$
▓'▓
▓.▓
$
▓.▓
▓$▓
$
▓[▓
▓.▓
$
▓$▓
$
▓y▓
$
▓@▓
$
▓.▓
$
▓'▓
▓_▓
$
▓_▓
$
▓_▓
$
▓_▓
$
▓_▓
$
▓_▓


You could see a hornet (corroded).

Vanquished Creatures
  A wyvern (D)
  An orc warrior (D)
  A wight (D)
  A jelly (D)
  An adder (D)
  An orc (D)
  A bat (D)
  3 hobgoblins (D)
  A jackal (D)
  A ball python skeleton (D)
  A jackal zombie (D)
  A quokka skeleton (D)
14 creatures vanquished.

Notes
Turn   | Place    | Note
-------+----------+-------------------------------------------
     0 | D        | night the Draconian Air Elementalist began the quest for
                  | the Orb.
     0 | D        | Reached XP level 1. HP: 14/14 MP: 3/3
     7 | D        | Reached skill level 2 in Conjurations
    57 | D        | Noticed a jelly
    62 | D        | Reached XP level 2. HP: 20/20 MP: 2/5
    68 | D        | Reached skill level 4 in Air Magic
    68 | D        | Reached XP level 3. HP: 19/26 MP: 6/8
    72 | D        | Reached skill level 5 in Air Magic
   169 | D        | Found a snail-covered altar of Cheibriados.
   169 | D        | Found a shadowy altar of Dithmenos.
   169 | D        | Found a white marble altar of Elyvilon.
   169 | D        | Found a blossoming altar of Fedhas.
   169 | D        | Found an opulent altar of Gozag.
   170 | D        | Found a hazy altar of Hepliaklqana.
   171 | D        | Found a viscous altar of Jiyva.
   172 | D        | Found an ancient bone altar of Kikubaaqudgha.
   173 | D        | Found a corrupted altar of Lugonu.
   174 | D        | Found a burning altar of Makhleb.
   175 | D        | Found a sparkling altar of Nemelex Xobeh.
   176 | D        | Found an iron altar of Okawaru.
   177 | D        | Became a worshipper of Gozag Ym Sagoz the Greedy
   178 | D        | Found a stormy altar of Qazlal.
   179 | D        | Found a sacrificial altar of Ru.
   180 | D        | Found a shimmering blue altar of Sif Muna.
   181 | D        | Found a bloodstained altar of Trog.
   182 | D        | Found a hide-covered altar of Uskayaw.
   183 | D        | Found a radiant altar of Vehumet.
   184 | D        | Found an ornate altar of the Wu Jian Council.
   185 | D        | Found a shimmering altar of Xom.
   186 | D        | Found a basalt altar of Yredelemnul.
   187 | D        | Found a glowing silver altar of Zin.
   188 | D        | Found a glowing golden altar of the Shining One.
   223 | D        | Learned a level 2 spell: Static Discharge
   227 | D        | Learned a level 3 spell: Swiftness
   227 | D        | Noticed an orc warrior
   227 | D        | Noticed a hornet
   227 | D        | Noticed a wyvern
   238 | D        | Killed a wyvern
   239 | D        | Reached skill level 7 in Air Magic
   239 | D        | Reached XP level 4. HP: 16/33 MP: 6/12
   239 | D        | Reached XP level 5. HP: 19/38 MP: 6/13
   239 | D        | Killed an orc warrior
   240 | D        | Reached skill level 8 in Air Magic
   240 | D        | Reached XP level 6. HP: 14/45 MP: 6/16
   240 | D        | Slain by a hornet

Illustrated notes

Levels and vault maps discovered:
D:        linesprint [early_d, line_temple, items_1, d_10, items_2, lair_1,
          lair_end, items_3, orc_1, orc_end, items_4, d_15, swamp_1, shoals_1,
          snake_1, spider_1, d_20, vaults_1, items_5, swamp_end, shoals_end,
          snake_end, spider_end, vaults_end, d_27, items_6, zot_1, zot_end,
          crypt_end, forest_end, elf_end, slime_end, tomb_end, abyss_end,
          pan_hell_end]

Skill      XL: |  1  2  3  4  5 |
---------------+----------------+-----
Conjurations   | 2 3 6 7 |  7.7
Spellcasting   | 3 6 7 |  7.2
Air Magic      | 4 7 8 |  8.2
Dodging        | |  1.7
Stealth        | |  1.7

Action                   |  1- 3 |  4- 6 || total
-------------------------+-------+-------++-------
Melee: Unarmed           |     4 |       ||     4
 Cast: Shock             |    13 |       ||    13
       Swiftness         |     1 |       ||     1
Evoke: Wand              |     2 |     2 ||     4
  Use: Potion            |     2 |       ||     2
Armor: Skin              |     8 |       ||     8
Dodge: Dodged            |     7 |       ||     7

Table legend: (Time is in decaauts)
 A = Elapsed time spent in this place.
 B = Non-inter-level travel time spent in this place.
 C = Inter-level travel time spent in this place.
 D = Time resting spent in this place.
 E = Time spent auto-exploring this place.
 F = Levels seen in this place.
 G = Mean time per level.
                   A        B        C        D        E       F      G
               +--------+--------+--------+--------+--------+-----+--------+
         Total |    237 |    237 |      0 |    125 |      0 |   1 |  237.0 |
       Dungeon |    237 |    237 |      0 |    125 |      0 |   1 |  237.0 |
               +--------+--------+--------+--------+--------+-----+--------+

Top non-repeatable levels by time:
       D: 237 daAuts
